Map: Stasis LE

Players

Ant

  • Race: Terran Terran
  • League: Gold
  • Spawn Location: 1:00

Yocto - Winner!

  • Race: Zerg Zerg
  • Spawn Location: 11:00

VOD

Have the link to the VOD?

Description

Time

  • Played on: Dec. 20, 2018, 10:13 a.m.
  • Length: 6:15
Show
View Real Time Build Order
Export as new Build Order

Ant Terran 

Build Orders:  

Get SALT Encoding   

  12  0:01  SCV  
  13  0:13  SCV  
  14  0:19  Supply Depot  
  14  0:25  SCV  
  15  0:30  Refinery  
  15  0:40  SCV  
  16  0:46  Barracks  
  16  0:55  SCV  
  17  1:02  Refinery  
  17  1:12  SCV  
  18  1:28  SCV  
  19  1:34  Supply Depot  
  19  1:37  Marine  
  20  1:41  Factory  
  20  1:47  Orbital Command  
  20  1:55  Marine  
  21  2:13  Marine  
  22  2:31  Starport  
  22  2:41  Command Center  
  22  2:45  Marine  
  25  2:51  Widow Mine  
  25  2:56  SCV  
  26  3:08  Starport Reactor  
  26  3:12  Starport Tech Lab  
  26  3:20  Fusion Core  
  26  3:24  Supply Depot  
  26  3:29  Barracks  
  26  3:31  Factory Tech Lab  
  26  3:43  Marine  
  27  3:50  Medivac  
  27  3:53  Siege Tank  
  32  4:03  Orbital Command  
  26  4:39  Supply Depot  
  26  4:44  Marine  
  22  5:00  Supply Depot  
  20  5:12  Marine  
  10  5:43  SCV  
Show
View Real Time Build Order
Export as new Build Order

Yocto Zerg - Winner!

Build Orders: Hatch First, Zergling Baneling 

Get SALT Encoding   

  12  0:01  Drone  
  13  0:13  Overlord  
  13  0:19  Drone  
  14  0:35  Drone  
  14  0:36  Drone x2  
  17  0:57  Hatchery  
  17  1:00  Drone  
  17  1:01  Drone  
  18  1:05  Extractor  
  17  1:18  Spawning Pool  
  16  1:20  Drone  
  16  1:23  Drone  
  18  1:32  Drone  
  19  1:51  Overlord  
  19  2:07  Spine Crawler  
  18  2:08  Spine Crawler, Zergling x2  
  18  2:09  Zergling x2  
  18  2:11  Queen  
  18  2:15  Zergling x4  
  23  2:23  Baneling Nest  
  23  2:26  Zergling x2  
  23  2:35  Zergling x4  
  25  2:42  Metabolic Boost  
  25  2:52  Zergling x4  
  27  3:01  Zergling x6  
  29  3:15  Queen  
  31  3:22  Overlord  
  31  3:31  Overlord  
  31  3:50  Baneling  
  31  3:51  Baneling x4  
  31  3:52  Baneling x4  
  31  3:54  Zergling x2  
  32  3:57  Zergling x2  
  32  4:00  Zergling x2  
  30  4:21  Zergling x2  
  30  4:22  Zergling x8  
  30  4:24  Zergling x2  
  35  4:29  Zergling x2  
  36  4:35  Zergling x2  
  36  4:36  Zergling x2  
  37  4:45  Zergling x4  
  37  4:48  Zergling x2  
  38  5:03  Zergling x6  
  38  5:04  Zergling x2  
  42  5:14  Zergling x2  
  42  5:15  Zergling x2  
  44  5:28  Spore Crawler  
Tags
 
League
Gold
Matchup
TvZ
Replay Pack
Yocto
Spawn Locations
Close Positions
Add a new tag
Caveats
  • Supply blocks, unpowered buildings, or Contaminate may cause inaccurate times.
  • Supply counts are checked every 10 seconds.